 Dungeon Crawl Stone Soup version 0.18.1-8-gdd0e5ea (webtiles) character file.

32258 nikopol the Spear-Bearer (level 13, -4/177 HPs)
             Began as a Minotaur Berserker on June 4, 2016.
             Was the Champion of Trog.
             Slain by a death yak (14 damage)
             ... on level 5 of the Lair of Beasts.
             The game lasted 01:06:52 (15889 turns).

nikopol the Spear-Bearer (Minotaur Berserker)      Turns: 15889, Time: 01:06:53

Health: -4/177     AC: 21    Str: 27    XL:     13   Next: 30%
Magic:  12/12      EV: 16    Int:  4    God:    Trog [******]
Gold:   942        SH:  0    Dex: 21    Spells: 0 memorised, 12 levels left

rFire  + . .     SeeInvis .     x - +3 halberd "Buapiygo" {chop, rPois rN+ Dex+4}
rCold  . . .     Gourm    +     W - +2 plate armour {rF+}
rNeg   + . .     Faith    .     (shield currently unavailable)
rPois  +         Spirit   .     (helmet restricted)
rElec  .         Dismiss  .     (no cloak)
rCorr  .         Reflect  .     F - +0 pair of gloves
SustAt .         Harm     .     t - +1 pair of boots
MR     .....                    s - amulet of the gourmand
Stlth  ..........               r - +2 ring of dexterity
                                Q - +3 ring of slaying

@: berserking, very quick, not resistant to hostile enchantments, extremely
unstealthy
A: retaliatory headbutt, hooves 1, horns 2
a: Berserk, Trog's Hand, Brothers in Arms, Burn Spellbooks, Renounce Religion


You were on level 5 of the Lair of Beasts.
You worshipped Trog.
Trog was exalted by your worship.
You were very full.

You visited 2 branches of the dungeon, and saw 16 of its levels.
You also visited: Sewer and Volcano.

You collected 942 gold pieces.

Inventory:

Hand Weapons
 c - a +1 shortbow
 x - the +3 halberd "Buapiygo" (weapon) {chop, rPois rN+ Dex+4}
   (Trog gifted it to you on level 8 of the Dungeon)

   It inflicts extra damage upon your enemies.
   It affects your dexterity (+4).
   It protects you from poison.
   It protects you from negative energy.
Missiles
 e - 213 arrows (quivered)
Armour
 t - a +1 pair of boots (worn)
 F - a +0 pair of gloves (worn)
 W - a +2 plate armour of fire resistance (worn)
Jewellery
 r - a +2 ring of dexterity (right hand)
 s - an amulet of the gourmand (around neck)
 y - the amulet "Yreapyhy" {Dismiss +Blink +Inv rF+}
   (You found it on level 4 of the Dungeon)

   [amulet of dismissal]

   It may teleport away creatures that harm you.
   It protects you from fire.
   It lets you turn invisible.
   It lets you blink.
 G - an uncursed ring of sustain attributes
 H - a +4 ring of strength
 Q - a +3 ring of slaying (left hand)
 Z - a +3 ring of evasion
Wands
 C - a wand of digging (19/24)
 N - a wand of disintegration (8/24)
 P - a wand of acid (4/15)
Scrolls
 b - 3 scrolls of magic mapping
 g - 2 scrolls of recharging
 k - 4 scrolls of teleportation
 v - 8 scrolls of remove curse
 w - 2 scrolls of fear {unknown}
 z - 4 scrolls of identify
 E - 3 scrolls of enchant weapon
 I - 3 scrolls of amnesia
 M - 4 scrolls of blinking
 O - a scroll of vulnerability {unknown}
 R - a scroll of summoning {unknown}
 T - a scroll of enchant armour
Potions
 a - 2 potions of cure mutation
 d - 4 potions of flight
 h - a potion of resistance {unknown}
 i - a potion of invisibility {unknown}
 j - a potion of cancellation
 m - 4 potions of agility
 o - 4 potions of might
 q - 2 potions of brilliance
 A - a potion of ambrosia
 B - 6 potions of curing
 D - 2 potions of haste
 K - 2 potions of magic
 L - 8 potions of heal wounds {unknown}
 V - 2 potions of berserk rage
Comestibles
 f - a beef jerky
 l - 14 royal jellies
 n - 4 chunks of flesh
 p - 30 fruits
 u - 6 meat rations
 J - 4 slices of pizza
 S - 14 bread rations


   Skills:
 + Level 12.1 Fighting
 * Level 14.2 Polearms
 * Level 10.7 Bows
 + Level 11.8 Armour
 + Level 11.0 Dodging


You had 12 spell levels left.
You didn't know any spells.

Dungeon Overview and Level Annotations

Branches:
Dungeon (11/15)            Temple (0/1) D:7            Lair (5/8) D:11
 Shoals (0/4) Lair:3          Orc (0/2) D:9
  Snake: Lair:3-6    Spider: Lair:3-6

Altars:
Fedhas
Okawaru
Pakellas
Qazlal
Sif Muna
Trog
Vehumet
Yredelemnul
The Shining One

Shops:
D:9 !   D:11 *


Innate Abilities, Weirdness & Mutations

You reflexively headbutt those who attack you in melee.
You have a pair of horns on your head.
You have large cloven feet.


Message History

The death yak is almost dead.
You skewer the death yak like a kebab!!!
You feel the power of Trog in you as your rage grows.
You kill the death yak!
Trog accepts your kill.
Your Dodging skill increases to level 11!
The death yak barely misses you. x2; You furiously retaliate!
You headbutt the death yak! You slice the death yak!!
Your headbutt misses the death yak.
The death yak is heavily wounded.
The death yak gores you!
* * * LOW HITPOINT WARNING * * *
You hit the death yak. You headbutt the death yak.
The death yak is heavily wounded.
The death yak closely misses you.
You slice the death yak!!
You kill the death yak!
Trog accepts your kill. The death yak gores you!
You die...

#.(.....##
./......#
......!#
(.....
##(...#
##.#...
#.#.Y†##
#.#†@.##
#......#
#..#.P##
#..####
###.P.###
##.....#.##
#.........#
##......[###
###.........#


You could see a death yak.

Vanquished Creatures
  Erolcha (D:11)
  2 hydras (Lair:4)
  A catoblepas (Lair:4)
  2 death yaks (Lair:5)
  A lindwurm (Volcano)
  5 hill giants
  4 elephants (Lair:3)
  2 molten gargoyles (Volcano)
  4 spiny frogs
  A tengu conjurer (D:10)
  7 komodo dragons
  A troll (D:9)
  A queen bee (D:10)
  Grinder (D:5)
  18 blink frogs
  Sigmund (D:6)
  4 fire bats (Volcano)
  A wyvern (D:5)
  33 yaks
  2 hungry ghosts
  3 basilisks (D:11)
  4 hippogriffs
  3 mottled dragons (Volcano)
  Edmund (D:5)
  4 water moccasins
  4 porcupines
  A hell hound (Volcano)
  2 phantoms (D:4)
  Purgy (Sewer)
  2 ice beasts
  An orc warrior (D:6)
  4 sky beasts
  9 wolves
  An ogre (D:11)
  2 centaurs (D:8)
  4 crocodiles
  4 big kobolds
  14 giant frogs
  A wyvern zombie (D:11)
  A gnoll sergeant (D:9)
  A water moccasin zombie (D:5)
  4 scorpions
  40 killer bees
  A water moccasin skeleton (D:9)
  4 crimson imps
  A centaur zombie (D:6)
  2 giant frog zombies
  A lava snake (Volcano)
  2 quasits
  3 orc priests
  3 giant frog skeletons
  9 hounds
  2 jellies
  2 centaur skeletons
  Terence (D:3)
  11 iguanas
  5 orc wizards
  13 worker ants
  16 sheep
  A hound zombie (D:6)
  A worker ant zombie (D:9)
  Robin (D:3)
  5 gnolls (D:9)
  38 river rats
  11 adders
  2 shadow imps
  2 oozes (D:1)
  An adder skeleton (D:8)
  3 worms
  3 dart slugs
  6 giant geckos
  25 orcs
  9 giant cockroaches
  15 goblins
  6 hobgoblins
  11 jackals
  2 quokkas
  5 ball pythons
  5 bats
  A giant gecko zombie (D:6)
  7 giant newts
  A jackal skeleton (D:7)
  A jackal zombie (D:7)
  31 kobolds
  2 quokka skeletons
  11 rats
  A plant (Lair:3)
486 creatures vanquished.

Vanquished Creatures (others)
  A fungus (Lair:4)
1 creature vanquished.

Grand Total: 487 creatures vanquished

Notes
Turn   | Place    | Note
--------------------------------------------------------------
     0 | D:1      | nikopol the Minotaur Berserker began the quest for the Orb.
     0 | D:1      | Reached XP level 1. HP: 19/19 MP: 0/0
    92 | D:1      | Reached XP level 2. HP: 27/27 MP: 1/1
   243 | D:1      | Reached skill level 4 in Polearms
   265 | D:1      | Reached XP level 3. HP: 27/33 MP: 2/2
   639 | D:1      | Reached ** piety under Trog
  1070 | D:2      | Reached XP level 4. HP: 41/41 MP: 3/3
  1106 | D:2      | Found a deep blue altar of Sif Muna.
  1405 | D:3      | Found a glowing drain.
  1431 | Sewer    | Entered a sewer
  1451 | Sewer    | Noticed Purgy
  1460 | Sewer    | Killed Purgy
  1460 | Sewer    | Reached skill level 5 in Fighting
  1460 | Sewer    | Reached XP level 5. HP: 48/48 MP: 4/4
  1686 | D:3      | Noticed Terence
  1691 | D:3      | Killed Terence
  1821 | D:3      | Reached skill level 5 in Polearms
  1889 | D:3      | Noticed Robin
  1891 | D:3      | Reached *** piety under Trog
  1906 | D:3      | Killed Robin
  1906 | D:3      | Reached XP level 6. HP: 56/56 MP: 5/5
  2300 | D:3      | Noticed a moth of wrath
  2302 | D:3      | Found a bloodstained altar of Trog.
  2504 | D:4      | Got an ancient ivory amulet
  2524 | D:4      | Identified the amulet "Yreapyhy" {Dismiss +Blink +Inv rF+} (You found it on level 4 of the Dungeon)
  2557 | D:4      | Found an iron altar of Okawaru.
  2705 | D:4      | Found an oddly glowing altar of Pakellas.
  2834 | D:4      | Reached XP level 7. HP: 63/63 MP: 6/6
  3099 | D:4      | Found a radiant altar of Vehumet.
  3190 | D:4      | Reached skill level 6 in Polearms
  3190 | D:4      | Reached skill level 5 in Armour
  3533 | D:5      | Entered Level 5 of the Dungeon
  3749 | D:5      | Reached skill level 5 in Dodging
  3839 | D:5      | Noticed Grinder
  3858 | D:5      | Killed Grinder
  3858 | D:5      | Reached XP level 8. HP: 71/73 MP: 7/7
  4080 | D:5      | Reached **** piety under Trog
  4090 | D:5      | Reached skill level 7 in Polearms
  4170 | D:5      | Noticed Edmund
  4178 | D:5      | Killed Edmund
  4231 | D:5      | Found a glowing golden altar of the Shining One.
  4986 | D:6      | Reached skill level 8 in Polearms
  5126 | D:6      | Reached XP level 9. HP: 81/81 MP: 8/8
  5234 | D:6      | Noticed Sigmund
  5272 | D:6      | Killed Sigmund
  5470 | D:6      | Found a basalt altar of Yredelemnul.
  5470 | D:6      | Found a blossoming altar of Fedhas.
  5847 | D:7      | Reached ***** piety under Trog
  5973 | D:7      | Found a staircase to the Ecumenical Temple.
  6106 | D:7      | Found a stormy altar of Qazlal.
  6461 | D:8      | Reached skill level 9 in Polearms
  6621 | D:8      | Received a gift from Trog
  6624 | D:8      | Got a bloodstained halberd {god gift}
  6625 | D:8      | Identified the +3 halberd "Buapiygo" {chop, rPois rN+ Dex+4} (Trog gifted it to you on level 8 of the Dungeon)
  6854 | D:8      | Reached skill level 1 in Bows
  6854 | D:8      | Reached XP level 10. HP: 89/91 MP: 9/9
  7361 | D:9      | Found a staircase to the Orcish Mines.
  8002 | D:9      | Found Wowaast's Distillery.
  8008 | D:9      | Reached skill level 10 in Polearms
  8320 | D:10     | Entered Level 10 of the Dungeon
  8397 | D:10     | Noticed a hill giant
  8409 | D:10     | Killed a hill giant
  8577 | D:10     | Noticed a hill giant
  8588 | D:10     | Killed a hill giant
  8588 | D:10     | Reached skill level 10 in Fighting
  8824 | D:10     | Reached skill level 11 in Polearms
  8828 | D:10     | Reached skill level 5 in Bows
  8835 | D:10     | Reached XP level 11. HP: 87/100 MP: 10/10
  9605 | D:11     | Found a staircase to the Lair.
  9608 | D:11     | Noticed a hill giant
  9616 | D:11     | Killed a hill giant
  9616 | D:11     | Reached skill level 10 in Armour
  9655 | D:11     | Found Lyolab's Pet Rocks.
  9732 | D:11     | Noticed a hill giant
  9736 | D:11     | Killed a hill giant
 10086 | D:11     | Noticed Erolcha
 10089 | D:11     | Noticed a hill giant
 10095 | D:11     | Killed Erolcha
 10098 | D:11     | Killed a hill giant
 10295 | D:11     | Received a gift from Trog
 10472 | Lair:1   | Entered Level 1 of the Lair of Beasts
 10489 | Lair:1   | Identified a scroll of acquirement
 10502 | Lair:1   | Reached skill level 12 in Polearms
 11021 | Lair:1   | Found a dark tunnel.
 11153 | Lair:1   | Reached ****** piety under Trog
 11178 | Volcano  | Entered a volcano
 11386 | Volcano  | Found a bloodstained altar of Trog.
 11386 | Volcano  | Noticed a lindwurm
 11397 | Volcano  | Killed a lindwurm
 11397 | Volcano  | Reached skill level 10 in Dodging
 11401 | Volcano  | Reached XP level 12. HP: 110/110 MP: 11/11
 12449 | Lair:2   | Received a gift from Trog
 13435 | Lair:3   | Found a staircase to the Shoals.
 13607 | Lair:3   | Reached skill level 13 in Polearms
 13850 | Lair:3   | Found a bloodstained altar of Trog.
 14276 | Lair:4   | Received a gift from Trog
 14292 | Lair:4   | Gained mutation: You have large cloven feet. [potion of beneficial mutation]
 14474 | Lair:4   | Noticed a catoblepas
 14476 | Lair:4   | Noticed a five-headed hydra
 14490 | Lair:4   | Killed an eight-headed hydra
 14496 | Lair:4   | Killed a catoblepas
 14496 | Lair:4   | Reached skill level 10 in Bows
 14943 | Lair:4   | Noticed an eight-headed hydra
 14955 | Lair:4   | Killed a 13-headed hydra
 14955 | Lair:4   | Reached XP level 13. HP: 60/117 MP: 12/12
 15662 | Lair:5   | Reached skill level 14 in Polearms
 15889 | Lair:5   | Slain by a death yak

Skill      XL: |  1  2  3  4  5  6  7  8  9 10 11 12 13 |
---------------+----------------------------------------+-----
Fighting       | 4 5 6 7 8 9 10 11 12 | 12.1
Polearms       | 4 5 6 8 9 11 12 13 14 | 14.2
Armour         | 3 4 5 7 8 9 10 11 | 11.8
Dodging        | 3 4 5 6 7 9 10 11 | 11.0
Bows           | 1 5 7 10 | 10.7

Action                   |  1- 3 |  4- 6 |  7- 9 | 10-12 | 13-15 || total
-------------------------+-------+-------+-------+-------+-------++-------
Melee: Spear             |   114 |   180 |   446 |       |       ||   740
       Headbutt          |    13 |    30 |    84 |   130 |    13 ||   270
       Halberd           |       |       |     8 |   533 |    58 ||   599
       Trident           |       |       |     1 |       |       ||     1
 Fire: Shortbow          |       |       |     9 |   227 |    60 ||   296
Invok: Berserk           |       |     3 |     7 |     4 |     1 ||    15
       Burn Spellbooks   |       |       |     1 |     3 |       ||     4
  Use: Scroll            |       |     5 |       |    23 |       ||    28
       Potion            |       |       |       |     1 |       ||     1
 Stab: Petrified         |       |       |       |     1 |       ||     1
  Eat: Chunk             |     1 |     8 |    19 |    38 |     3 ||    69
       Beef jerky        |       |       |     1 |     2 |       ||     3
       Fruit             |       |       |       |     1 |       ||     1
Armor: Ring mail         |    17 |    30 |   105 |    78 |       ||   230
       Plate armour      |       |       |       |    74 |    27 ||   101
Dodge: Dodged            |    33 |    82 |   189 |   346 |    38 ||   688
